Map: Opérations galactiques EC

Players

zidar

  • Race: Zerg Zerg
  • League: Platinum
  • Spawn Location: 7:00

Weedzior - Winner!

  • Race: Terran Terran
  • League: Platinum
  • Spawn Location: 1:00

VOD

Have the link to the VOD?

Description

Time

  • Played on: Nov. 1, 2016, 3:28 p.m.
  • Length: 13:59
Show
View Real Time Build Order
Export as new Build Order

zidar Zerg 

Build Orders: Hatch First 

Get SALT Encoding   

  12  0:01  Drone  
  13  0:12  Overlord  
  13  0:16  Drone  
  14  0:31  Drone x2  
  16  0:52  Hatchery  
  16  0:55  Drone  
  16  1:00  Extractor  
  16  1:02  Drone  
  16  1:20  Spawning Pool  
  15  1:28  Drone  
  15  1:29  Drone  
  17  1:41  Drone x2  
  19  2:07  Queen  
  19  2:08  Queen  
  23  2:10  Metabolic Boost  
  23  2:14  Zergling x2  
  24  2:17  Zergling x2  
  24  2:21  Zergling x2  
  26  2:29  Drone x2  
  28  2:34  Overlord  
  28  2:47  Pneumatized Carapace  
  28  3:06  Drone x6  
  34  3:18  Roach Warren  
  33  3:23  Extractor  
  33  3:26  Zergling x4  
  33  3:27  Zergling x4  
  36  3:30  Overlord  
  36  4:06  Roach x4  
  44  4:20  Baneling Nest  
  43  4:25  Lair  
  43  4:43  Drone  
  43  4:45  Overlord x4  
  44  4:58  Evolution Chamber  
  43  5:01  Evolution Chamber  
  43  5:02  Drone x2  
  44  5:13  Drone x4  
  44  5:14  Drone x6  
  44  5:53  Overseer  
  44  5:58  Drone x3  
  39  6:26  Centrifical Hooks  
  39  6:28  Drone  
  39  6:29  Drone x3  
  39  6:30  Drone x8  
  51  6:34  Zerg Melee Weapons Level 1  
  51  6:35  Zerg Ground Armor Level 1  
  51  6:44  Extractor  
  51  6:45  Hatchery  
  49  6:47  Extractor  
  49  6:54  Drone x2  
  50  7:06  Spire  
  49  7:11  Drone x10  
  59  7:31  Zergling x6  
  62  7:38  Drone x2  
  62  7:43  Zergling x2  
  62  7:44  Zergling x10  
  70  7:47  Baneling x7  
  70  7:48  Baneling x4  
  70  7:52  Queen  
  70  7:56  Overlord  
  62  8:20  Corruptor  
  62  8:21  Corruptor x3  
  68  8:40  Drone x5  
  68  8:41  Drone x3  
  75  8:42  Drone  
  77  9:01  Queen  
  79  9:18  Drone x10  
  89  9:27  Zerg Ground Armor Level 2  
  89  9:28  Zerg Melee Weapons Level 2  
  89  9:30  Infestation Pit  
  88  9:48  Zergling x2  
  88  9:50  Overlord  
  88  9:51  Overlord x2  
  88  9:52  Hatchery  
  88  10:17  Zergling x14  
  88  10:18  Zergling x14  
  101  10:41  Baneling x9  
  73  11:00  Hatchery  
  72  11:17  Drone x8  
  80  12:00  Zergling x2  
  80  12:01  Zergling x22  
  92  12:07  Lair  
  92  12:21  Baneling x11  
  92  12:22  Baneling x3  
  92  12:23  Baneling  
  92  12:48  Drone x11  
  103  12:54  Extractor  
  103  12:57  Extractor  
  101  13:08  Zergling x8  
  105  13:28  Extractor  
  105  13:33  Extractor  
Show
View Real Time Build Order
Export as new Build Order

Weedzior Terran - Winner!

Build Orders: Gas First Reaper Expand 

Get SALT Encoding   

  12  0:01  SCV  
  13  0:13  SCV  
  14  0:18  Supply Depot  
  14  0:25  SCV  
  15  0:30  Refinery  
  15  0:42  Barracks  
  15  0:46  SCV  
  16  0:58  SCV  
  17  1:10  SCV  
  18  1:23  SCV  
  19  1:35  Reaper  
  19  1:38  Orbital Command  
  20  1:50  Command Center  
  20  2:07  SCV  
  21  2:18  Barracks Reactor  
  21  2:20  Factory  
  21  2:29  SCV  
  22  2:33  Refinery  
  22  2:41  SCV, Supply Depot  
  23  3:02  SCV  
  23  3:04  SCV  
  25  3:14  SCV, Starport  
  30  3:21  Barracks Reactor  
  30  3:24  Widow Mine x2, Orbital Command  
  30  3:28  Bunker  
  30  3:34  Supply Depot  
  30  3:35  SCV  
  31  3:42  Barracks  
  31  3:47  SCV  
  36  3:52  Widow Mine x2, SCV  
  37  3:59  SCV  
  38  4:03  Marine x2  
  38  4:04  SCV  
  41  4:11  SCV, Medivac  
  41  4:16  SCV  
  45  4:21  Marine x2  
  45  4:23  SCV  
  48  4:28  Barracks, SCV  
  48  4:29  Engineering Bay  
  53  4:36  Widow Mine x2  
  53  4:37  Barracks Tech Lab  
  53  4:50  Marine, Starport Reactor  
  54  4:55  Supply Depot  
  54  4:59  Supply Depot  
  54  5:07  Supply Depot  
  54  5:08  Stimpack  
  54  5:16  Marine x3  
  54  5:18  Barracks Reactor  
  61  5:24  Widow Mine x2  
  61  5:30  Supply Depot  
  61  5:34  Marine x3  
  64  5:52  Marine x3  
  64  5:56  SCV x2  
  69  5:58  Refinery  
  69  6:00  Refinery  
  69  6:06  Marine x2  
  69  6:08  SCV x2  
  69  6:10  Marine x2, Supply Depot  
  79  6:13  Liberator  
  79  6:16  Widow Mine x2  
  79  6:20  SCV  
  79  6:22  Marine  
  79  6:24  Marine  
  74  6:28  Marauder  
  74  6:30  Liberator  
  74  6:32  Supply Depot  
  79  6:40  SCV x2  
  81  6:49  Marine x2, Marauder  
  81  6:50  Marine x2  
  81  6:52  SCV x2  
  92  6:57  Terran Infantry Weapons Level 1  
  92  7:02  Engineering Bay  
  92  7:04  Armory, SCV x2  
  92  7:07  Marine x2  
  96  7:11  Marauder  
  96  7:14  Barracks  
  98  7:19  Combat Shield  
  98  7:21  Medivac  
  100  7:32  Marauder, Terran Infantry Armor Level 1  
  102  7:45  Supply Depot  
  102  7:48  Marine x4, Supply Depot, Medivac  
  108  7:54  Marauder  
  108  7:58  Factory Tech Lab  
  110  8:08  SCV x2  
  112  8:15  Marauder  
  114  8:20  SCV x2  
  116  8:29  Marine  
  116  8:30  Marine x3  
  116  8:32  Siege Tank  
  123  8:34  Medivac  
  125  8:43  Marine  
  125  8:48  Command Center, Supply Depot  
  126  8:50  Command Center  
  126  9:09  Marine x2, Marauder, Siege Tank  
  133  9:20  Marine  
  134  9:27  Supply Depot  
  134  9:30  Terran Infantry Weapons Level 2, Terran Infantry Armor Level 2, Supply Depot  
  134  9:34  Supply Depot  
  134  9:35  Supply Depot  
  134  9:38  Supply Depot  
  134  9:41  Marine x3, Medivac  
  134  9:42  Marauder  
  141  9:49  Siege Tank, Medivac  
  146  9:55  Supply Depot  
  146  10:03  Marauder  
  148  10:10  Marine x3  
  148  10:11  Marine x2  
  153  10:25  Marauder  
  153  10:28  Marine x3  
  158  10:46  Marauder  
  132  10:58  Marine x3  
  132  10:59  Marine x2  
  137  11:07  Marauder  
  139  11:14  Planetary Fortress  
  139  11:16  Marine  
  139  11:17  Orbital Command  
  140  11:19  SCV x2  
  142  11:29  Marine, Marauder  
  142  11:30  Marine x3  
  142  11:31  SCV  
  149  11:34  Marine  
  150  11:47  Marine  
  150  11:50  Marauder  
  154  11:54  SCV  
  154  11:57  Marine, SCV  
  154  11:58  Marine x2  
  154  11:59  Siege Tank  
  154  12:01  Orbital Command  
  161  12:12  Marauder  
  163  12:16  Marine x2  
  163  12:17  Concussive Shells  
  165  12:23  Refinery  
  165  12:24  Barracks x2, Barracks Tech Lab  
  165  12:25  Barracks  
  165  12:28  Refinery  
  165  12:31  Siege Tank  
  165  12:32  SCV x3  
  165  12:33  Marauder  
  173  12:49  Medivac x2  
  177  12:54  Marauder, Refinery x2  
  177  12:56  Marine x2  
  177  12:57  Marauder  
  183  13:04  Siege Tank  
  186  13:16  Marauder  
  186  13:19  Medivac x2  
  192  13:37  Marauder  
Tags
 
Add a new tag
Caveats
  • Supply blocks, unpowered buildings, or Contaminate may cause inaccurate times.
  • Supply counts are checked every 10 seconds.